 Dungeon Crawl Stone Soup version 0.31.0-11-ge490571c62 (webtiles) character file.

Game seed: 12868909305454014404

713 Arcadio the Ducker (level 7, -15/42 (46) HPs)
             Began as a Merfolk Ice Elementalist on Jan 31, 2024.
             Demolished by a wight
             ... wielding a +2 great sword of flaming
              (18 damage)
             ... on level 4 of the Dungeon.
             The game lasted 00:10:18 (4246 turns).

Arcadio the Ducker (Merfolk Ice Elementalist)       Turns: 4246, Time: 00:10:18

HP:   -15/42 (46)   AC:  3    Str:  8    XL:     7   Next: 69%
MP:   10/13         EV: 15    Int: 16    God:
Gold: 140           SH:  0    Dex: 15    Spells: 5/15 levels left

rFire   . . .        q - +2 mace (protect)
rCold   . . .        (no shield)
rNeg    . . .        a - +0 robe
rPois   .            (no helmet)
rElec   .            (no cloak)
rCorr   .            d - +0 pair of gloves
SInv    .            (no boots)
Will    .....        (no amulet)
Stlth   ++           m - ring of wizardry
HPRegen 0.27/turn    (no ring)
MPRegen 0.13/turn

%: wizardry (x1)
@: drained
A: (nimble swimmer 2), mertail
a: no special abilities


You were on level 4 of the Dungeon.
You visited 1 branch of the dungeon, and saw 4 of its levels.
You also visited: Ossuary.

You collected 140 gold pieces.

Inventory:

Hand Weapons
 f - a +0 dagger
 q - a +2 mace of protection (weapon)
Armour
 a - a +0 robe (worn)
 d - a +0 pair of gloves (worn)
Jewellery
 m - a ring of wizardry (left hand)
Wands
 j - a wand of flame (13)
Scrolls
 c - a scroll of enchant weapon
 e - a scroll of blinking {unknown}
 g - a scroll of summoning {unknown}
 r - a scroll of revelation {unknown}
 s - a scroll of immolation {unknown}
 t - a scroll of silence {unknown}
Potions
 b - a potion of magic
 h - a potion of enlightenment
 i - a potion of cancellation {unknown}
 k - 2 potions of lignification
 l - 2 potions of curing
 n - 2 potions of attraction
 o - 3 potions of berserk rage
 p - 2 potions of mutation


   Skills:
 + Level 6.8 Dodging
 - Level 2.1 Stealth
 + Level 4.6 Spellcasting
 + Level 6.8 Ice Magic


You had 5 spell levels left.
You knew the following spells:

 Your Spells              Type           Power      Damage    Failure   Level
a - Freeze                Ice            100%       1d10      1%          1
b - Frozen Ramparts       Ice            50%        1d8       1%          3
c - Ozocubu's Armour      Ice            25%        N/A       1%          3
d - Summon Ice Beast      Ice/Summ       14%        N/A       4%          3

Your spell library contained the following spells:

 Spells                   Type           Power      Damage    Failure   Level
 Ensorcelled Hibernation  Hex/Ice        28%        N/A       2%          2
 Magic Dart               Conj           12%        1d3       6%          1
 Searing Ray              Conj           6%         2d4       10%         2
 Passwall                 Erth           3%         N/A       19%         3
 Swiftness                Air            3%         N/A       19%         3
 Fulminant Prism          Conj/Alch      1%         3d5       52%         4


Dungeon Overview and Level Annotations

Branches:
Dungeon (4/15)            Ossuary (visited)
 Temple: D:4-7

Altars:
Cheibriados
Fedhas
Gozag
Trog
Uskayaw
Vehumet

Shops:
D:1 [   D:3 (


Innate Abilities, Weirdness & Mutations

((You are very nimble when in or above water. (Stealth+, EV+, Speed+++)))
Your lower body shifts to a powerful aquatic tail in water.


Message History

The wight is severely damaged.
The wight misses you. The wight closely misses you.
You completely miss the wight.
The wight is severely damaged.
The wight hits you but does no damage. The wight misses you.
The wight barely misses you.
The wight hits you from afar with a +0 halberd.
You hit the wight but do no damage.
The wight is heavily damaged.
The wight hits you with a +3 falchion!
* * * LOW HITPOINT WARNING * * *
You feel drained.
* * * LOW HITPOINT WARNING * * *
The wight misses you.
Unknown command.
You feel better. The wight hits you but does no damage.
The wight barely misses you.
Your icy armour cracks and falls away as you move.
The wight attacks as it pursues you! The wight hits you with a +3 falchion.
* * * LOW HITPOINT WARNING * * *
You feel drained.
You open the door. The wight closely misses you. The wight misses you.
A sleepcap comes into view.
The sleepcap moves out of view.
There is an open door here.
Okay, then.
Okay, then.
Okay, then.
The wight attacks as it pursues you! The wight closely misses you.
The wight attacks as it pursues you! The wight hits you with a +3 falchion.
* * * LOW HITPOINT WARNING * * *
The wight attacks as it pursues you! The wight closely misses you.
The wight attacks as it pursues you! The wight closely misses you.
The wight attacks as it pursues you!
The wight closely misses you. 2 wights come into view.
A wight is wielding a +2 flail of venom.
A wight is wielding a +2 great sword of flaming.
Things that are here:
a +0 club; an orc corpse The wight hits you with a +2 great sword of flaming!!
You die...

......#######.#......#
....>............<....
..........#####......#
.........+........###
....^...#.###.#.....
#.......# #.......
#####.......#####.#...
#..........<....#.'...
#####...B@........#.#.#...
#.......)z..........#.....
#...)..z#z............####
#......z#.....#..........#
#......##)###.#.#.........
#......+....#.#...#####.#.
#.....z####.#.###.# #.....
#!.....'..z.# ..# .#...
#......###### #### ###.


You could see a bombardier beetle and 4 wights.

Vanquished Creatures
  Eustachio (D:4)
  A scorpion (D:3)
  A howler monkey (D:4)
  A jelly (D:4)
  3 spectral scorpions (Ossuary)
  2 iguanas (D:4)
  A crocodile zombie (Ossuary)
  9 mummies (Ossuary)
  4 adders
  2 ribbon worms
  4 dart slugs
  9 orcs
  7 ball pythons
  6 endoplasms
  4 giant cockroaches
  7 goblins
  2 hobgoblins
  9 jackals
  8 kobolds
  5 quokkas
  7 bats
  A frilled lizard (D:1)
  A gnoll skeleton (Ossuary)
  2 kobold skeletons (Ossuary)
  5 orc skeletons (Ossuary)
  5 rats
  10 spectral rats (Ossuary)
117 creatures vanquished.

Notes
Turn   | Place    | Note
-------+----------+-------------------------------------------
     0 | D:1      | Arcadio the Merfolk Ice Elementalist began the quest for
                  | the Orb.
     0 | D:1      | Reached XP level 1. HP: 13/13 MP: 3/3
     9 | D:1      | Found a faded altar of an unknown god.
   113 | D:1      | Found Heucyra's Armour Emporium.
   231 | D:1      | Reached XP level 2. HP: 18/19 MP: 0/5
   642 | D:1      | Reached XP level 3. HP: 20/24 MP: 0/6
   655 | D:1      | Learned a level 3 spell: Frozen Ramparts
  1280 | D:2      | HP: 1/24 [adder (2)]
  1289 | D:2      | Reached skill level 5 in Ice Magic
  1289 | D:2      | Reached XP level 4. HP: 23/30 MP: 0/8
  1392 | D:2      | Found a snail-covered altar of Cheibriados.
  1861 | D:3      | Learned a level 3 spell: Ozocubu's Armour
  1885 | D:3      | Found a bloodstained altar of Trog.
  2088 | D:3      | Found Nuteetrach's Antique Weapon Emporium.
  2214 | D:3      | Found a blossoming altar of Fedhas.
  2233 | D:3      | Found a hide-covered altar of Uskayaw.
  2323 | D:3      | Found a radiant altar of Vehumet.
  2599 | D:3      | Noticed a scorpion
  2606 | D:3      | Killed a scorpion
  2607 | D:3      | Reached XP level 5. HP: 13/35 MP: 3/9
  2733 | D:3      | Learned a level 3 spell: Summon Ice Beast
  2923 | D:4      | Reached skill level 5 in Dodging
  3037 | D:4      | Found an opulent altar of Gozag.
  3053 | D:4      | Reached XP level 6. HP: 41/41 MP: 5/11
  3061 | D:4      | Noticed Eustachio
  3099 | D:4      | Killed Eustachio
  3284 | D:4      | Found a sand-covered staircase.
  3296 | Ossuary  | Entered an ossuary
  3438 | Ossuary  | Reached XP level 7. HP: 46/46 MP: 10/13
  4215 | D:4      | Identified the +0 ring mail "Hiryv" {rF+ rC+ rN+ Int+2}
  4242 | D:4      | HP: 1/42 [wight/+3 falchion (3)]
  4246 | D:4      | Demolished by a wight

Illustrated notes

Levels and vault maps discovered:
D:1:      dpeg_arrival_windows_large_door, layout_rooms, serial_shops,
          shop_statue, basic_ecumenical_altar, serial_bayou_pond_b,
          chequers_avenue, nicolae_wormholes
D:2:      layout_basic, basic_altar
D:3:      layout_basic, nicolae_vehumet_altar_sigil,
          mainiacjoe_overflow_small_starburst, lemuel_round_altar,
          nicolae_overflow_crystal_walls, serial_shops,
          nicolae_shop_window_shopping
D:4:      layout_basic, mainiacjoe_overflow_alcove_1,
          minmay_overflow_temple_star_quad, enter_ossuary_1, uniq_eustachio

Skill      XL: |  1  2  3  4  5  6 |
---------------+-------------------+-----
Dodging        | 3 4 5 6 |  6.8
Ice Magic      | 5 6 |  6.8
Spellcasting   | 3 4 |  4.6
Stealth        | |  2.1

Action                     |  1- 3 |  4- 6 |  7- 9 || total
---------------------------+-------+-------+-------++-------
  Melee: Unarmed           |    39 |       |       ||    39
         Punch             |     1 |     2 |     3 ||     6
         Dagger            |    50 |    55 |       ||   105
         Mace              |       |    29 |   164 ||   193
   Cast: Freeze            |    50 |    64 |    24 ||   138
         Frozen Ramparts   |     1 |     5 |     2 ||     8
         Ozocubu's Armour  |       |     2 |     4 ||     6
  Evoke: Wand              |       |     1 |       ||     1
    Use: Potion            |     1 |       |     1 ||     2
         Scroll            |       |     2 |     6 ||     8
   Stab: Sleeping          |     5 |     4 |     5 ||    14
 Armour: Robe              |    91 |    65 |    87 ||   243
  Dodge: Dodged            |   117 |    93 |   158 ||   368
